AoeStats
← [PSCH] R!ce

Nomad

510154088Analyzed
2v2 RM · 2d ago on Sep 29, 2026· 48m 17s· 4 players
Game mode
Random Map
Map size
176×176
Population
200
Speed
Normal
Resources
Standard
Victory
Conquest
Starting age
Dark Age
Ending age
Imperial Age
RankedLock teamsTeams togetherTeam positionsShared explorationLock speedFull tech treeHidden civsTurbo modeCheats
Victory
Defeat
🇨🇭 Varangians · Switzerland
1435
+14
🇨🇭 Portuguese · Switzerland
1424
+15
🇦🇷 Dravidians · Argentina
1408
-15
🇦🇷 Magyars · Argentina
1382
-14
Inkas| OMNI
9:36 Loom
12:26 Feudal Age
12:57 Double-Bit Axe
15:12 Padded Archer Armor
15:03 Fletching
16:29 Padded Archer Armor
22:42 Wheelbarrow
26:55 Castle Age
24:58 Stone Mining
25:41 Gold Mining
28:19 Bow Saw
41:10 Horse Collar
PANCHOLOCO
4:27 Loom
16:42 Feudal Age
19:23 Double-Bit Axe
24:30 Castle Age
27:03 Gold Mining
30:21 Scale Barding Armor
31:48 Bloodlines
33:23 Chain Barding Armor
33:03 Scale Mail Armor
35:55 Horse Collar
37:04 Wheelbarrow
38:55 Chain Mail Armor
43:49 Imperial Age
41:24 Heavy Plow
45:29 Cavalier
46:20 Stone Mining
47:05 Gold Shaft Mining
49:18 Plate Barding Armor
[PSCH] Reh
5:26 Loom
13:33 Feudal Age
14:29 Gold Mining
16:33 Fletching
22:50 Castle Age
21:53 Double-Bit Axe
22:00 Stone Mining
24:06 Medium Warships
23:53 Bodkin Arrow
26:10 Bow Saw
26:47 Fishing Lines
31:11 Scale Mail Armor
31:25 Horse Collar
33:45 Chain Mail Armor
34:41 Forging
36:11 Iron Casting
35:56 Arson
36:14 Squires
37:35 Heavy Plow
37:35 Gambesons
39:04 Gillnets
42:44 Wheelbarrow
46:30 Imperial Age
46:35 Capped Ram
46:54 Elite Varangian Guard
48:36 Plate Mail Armor
[PSCH] R!ce
4:34 Loom
12:23 Feudal Age
12:54 Double-Bit Axe
23:55 Castle Age
28:37 Bow Saw
29:45 Wheelbarrow
31:31 Fletching
32:23 Bodkin Arrow
34:02 Scale Barding Armor
34:08 Forging
40:43 Bloodlines
40:55 Chain Barding Armor
45:12 Imperial Age
43:31 Horse Collar
44:37 Hand Cart
45:26 Iron Casting
45:30 Cavalier
46:45 Plate Barding Armor
48:14 Blast Furnace
Connection lost

Rejoining the realm…

Still unreachable

The connection could not be restored.

Session expired

The server has moved on; the page needs a fresh start.